General information
- name: BNet
- type: Ladder team game (AT/RT)
- host: Battle.net
- saver: iggy_the_fisk
map: Mur'gulOasis
- players: 8
- length: 24:28
- speed: Fast
- version: 1.21 W3XP
- replay type:

» download(234 KB)
Players
team 1 (loser)

»
CaLaBuR (
red | 81 APM | 1967 actions | 24:16)
5 Death Knight
3 Death Coil
2 Unholy Aura
5 Lich
3 Frost Nova
2 Dark Ritual
» actions
| Assign group hotkey | 52 | |
| Build / train | 56 | |
| Enter build submenu | 22 | |
| Enter hero's abilities submenu | 10 | |
| Give item / drop item | 2 | |
| Right click | 983 | |
| Select / deselect | 351 | |
| Select group hotkey | 379 | |
| Use ability | 111 | |
1967 total
» units
| Acolyte | 11 | |
| Ghoul | 5 | |
| Crypt Fiend | 6 | |
| Obsidian Statue | 4 | |
| Frost Wyrm | 4 | |
30 total
» upgrades
| Web | 1 | |
| Freezing Breath | 1 | |
| Destroyer Form | 1 | |
3 total
» buildings
| Graveyard | 1 | |
| Crypt | 2 | |
| Altar of Darkness | 1 | |
| Ziggurat | 7 | |
| Tomb of Relics | 1 | |
| Nerubian Tower | 1 | |
| Halls of the Dead | 1 | |
| Black Citadel | 1 | |
| Sacrificial Pit | 1 | |
| Slaughterhouse | 1 | |
| Boneyard | 2 | |
| Necropolis | 3 | |
22 total
» build order
00:10 Graveyard
00:15 Crypt
00:35 Altar of Darkness
00:37 Ziggurat
01:00 Tomb of Relics
01:08 Ziggurat
01:49 Ziggurat
02:20 Crypt
03:37 Nerubian Tower
04:53 Halls of the Dead
05:39 Ziggurat
06:30 Ziggurat
06:31 Ziggurat
07:21 Black Citadel
08:07 Sacrificial Pit
09:38 Slaughterhouse
09:56 Boneyard
09:57 Boneyard
11:13 Necropolis
12:47 Ziggurat
22:06 Necropolis
22:53 Necropolis
» items
| Rod of Necromancy | 2 | |
| Sacrificial Skull | 1 | |
| Dust of Appearance | 1 | |
| Scroll of Town Portal | 2 | |
| Potion of Lesser Invulnerability | 1 | |
| Scroll of Protection | 1 | |
8 total

»
DSTYMETCALF (
orange | 39 APM | 940 actions | 24:23)
5 Blademaster
3 Wind Walk
2 Critical Strike
» actions
| Assign group hotkey | 4 | |
| Build / train | 23 | |
| Enter build submenu | 4 | |
| Enter hero's abilities submenu | 5 | |
| Give item / drop item | 1 | |
| Right click | 664 | |
| Select / deselect | 191 | |
| Use ability | 48 | |
940 total
» units
» buildings
| Altar of Storms | 1 | |
| Orc Burrow | 1 | |
| Voodoo Lounge | 1 | |
| War Mill | 1 | |
4 total
» build order
00:15 Altar of Storms
00:18 Orc Burrow
01:32 Voodoo Lounge
02:51 War Mill
» items
| Healing Salve | 2 | |
| Boots of Speed | 1 | |
| Staff of Teleportation | 1 | |
| Potion of Lesser Invulnerability | 3 | |
| Lesser Clarity Potion | 1 | |
| Orb of Lightning | 1 | |
9 total
My.aka (
teal | 63 APM | 1534 actions | 24:21)
5 Blood Mage
2 Siphon Mana
3 Flame Strike
» actions
| Assign group hotkey | 9 | |
| Basic commands | 47 | |
| Build / train | 47 | |
| ESC pressed | 4 | |
| Enter build submenu | 22 | |
| Enter hero's abilities submenu | 5 | |
| Right click | 639 | |
| Select / deselect | 205 | |
| Select group hotkey | 467 | |
| Use ability | 89 | |
1534 total
» units
» buildings
| Lumber Mill | 1 | |
| Farm | 4 | |
| Altar of Kings | 1 | |
| Scout Tower | 4 | |
| Keep | 1 | |
| Arcane Tower | 1 | |
| Castle | 1 | |
| Blacksmith | 2 | |
| Gryphon Aviary | 1 | |
| Guard Tower | 1 | |
| Arcane Vault | 1 | |
| Barracks | 1 | |
19 total
» build order
00:22 Lumber Mill
00:39 Farm
01:18 Farm
01:22 Altar of Kings
01:58 Scout Tower
02:25 Keep
02:32 Arcane Tower
03:08 Farm
04:46 Castle
05:06 Blacksmith
06:55 Gryphon Aviary
10:17 Scout Tower
11:46 Guard Tower
11:47 Arcane Vault
11:52 Farm
11:54 Barracks
13:39 Blacksmith
14:23 Scout Tower
14:24 Scout Tower
» items
| Potion of Healing | 2 | |
| Boots of Speed | 1 | |
| Staff of Teleportation | 1 | |
| Scroll of Healing | 1 | |
| Scroll of Protection | 1 | |
| Potion of Invisibility | 1 | |
| Healing Salve | 1 | |
| Lesser Clarity Potion | 1 | |
| Scroll of Speed | 1 | |
10 total

»
profile- (
green | 58 APM | 1414 actions | 24:25)
6 Blademaster
3 Wind Walk
2 Critical Strike
1 Bladestorm
» actions
| Assign group hotkey | 11 | |
| Build / train | 59 | |
| ESC pressed | 4 | |
| Enter build submenu | 21 | |
| Enter hero's abilities submenu | 6 | |
| Right click | 608 | |
| Select / deselect | 150 | |
| Select group hotkey | 469 | |
| Use ability | 86 | |
1414 total
» units
| Peon | 14 | |
| Wind Rider | 8 | |
| Troll Batrider | 3 | |
25 total
» upgrades
| Ranged Weapons | 2 | |
| Armor | 2 | |
| Envenomed Spears | 1 | |
| Liquid Fire | 1 | |
6 total
» buildings
| Altar of Storms | 1 | |
| Orc Burrow | 7 | |
| Voodoo Lounge | 2 | |
| War Mill | 1 | |
| Stronghold | 1 | |
| Beastiary | 2 | |
| Fortress | 1 | |
| Great Hall | 2 | |
| Watch Tower | 3 | |
20 total
» build order
00:08 Altar of Storms
00:22 Orc Burrow
00:35 Voodoo Lounge
02:06 War Mill
02:37 Stronghold
02:54 Orc Burrow
03:29 Orc Burrow
05:09 Beastiary
05:12 Beastiary
06:23 Orc Burrow
10:01 Fortress
14:47 Orc Burrow
15:25 Great Hall
18:36 Orc Burrow
18:57 Watch Tower
18:59 Watch Tower
19:05 Watch Tower
20:29 Great Hall
21:31 Voodoo Lounge
21:38 Orc Burrow
» items
| Healing Salve | 5 | |
| Lesser Clarity Potion | 7 | |
| Scroll of Speed | 1 | |
| Boots of Speed | 1 | |
| Staff of Teleportation | 1 | |
| Scroll of Town Portal | 2 | |
| Scroll of Healing | 1 | |
| Scroll of Protection | 1 | |
19 total
team 2 (winner)

»
Cruxtures (
purple | 151 APM | 3684 actions | 24:26)
5 Death Knight
3 Death Coil
1 Death Pact
1 Unholy Aura
3 Lich
2 Frost Nova
1 Frost Armor
» actions
| Assign group hotkey | 487 | |
| Basic commands | 35 | |
| Build / train | 75 | |
| Enter build submenu | 13 | |
| Enter hero's abilities submenu | 8 | |
| Remove unit from queue | 3 | |
| Right click | 1669 | |
| Select / deselect | 605 | |
| Select group hotkey | 656 | |
| Use ability | 133 | |
3684 total
» units
| Acolyte | 7 | |
| Ghoul | 16 | |
| Crypt Fiend | 9 | |
| Obsidian Statue | 3 | |
35 total
» upgrades
» buildings
| Altar of Darkness | 1 | |
| Ziggurat | 5 | |
| Crypt | 2 | |
| Tomb of Relics | 1 | |
| Nerubian Tower | 2 | |
| Halls of the Dead | 2 | |
| Graveyard | 1 | |
| Spirit Tower | 5 | |
| Slaughterhouse | 1 | |
| Black Citadel | 2 | |
22 total
» build order
00:07 Altar of Darkness
00:09 Ziggurat
00:36 Crypt
00:58 Ziggurat
01:17 Tomb of Relics
02:36 Nerubian Tower
06:06 Halls of the Dead
06:06 Halls of the Dead
06:45 Graveyard
09:28 Crypt
09:36 Spirit Tower
09:36 Spirit Tower
09:51 Ziggurat
11:27 Spirit Tower
11:27 Spirit Tower
13:38 Slaughterhouse
13:40 Ziggurat
19:18 Black Citadel
20:19 Ziggurat
» items
| Rod of Necromancy | 2 | |
| Scroll of Town Portal | 5 | |
| Potion of Healing | 2 | |
| Staff of Sanctuary | 1 | |
| Orb of Corruption | 1 | |
11 total
iggy_the_fisk (
pink | 103 APM | 2515 actions | 24:28)
4 Archmage
2 Summon Water Elemental
2 Brilliance Aura
3 Mountain King
2 Storm Bolt
1 Bash
» actions
| Assign group hotkey | 265 | |
| Basic commands | 22 | |
| Build / train | 124 | |
| Enter build submenu | 42 | |
| Enter hero's abilities submenu | 7 | |
| Right click | 1229 | |
| Select / deselect | 391 | |
| Select group hotkey | 318 | |
| Use ability | 117 | |
2515 total
» units
| Peasant | 35 | |
| Footman | 14 | |
| Flying Machine | 28 | |
| Knight | 5 | |
82 total
» upgrades
| Masonry | 1 | |
| Defend | 1 | |
| Lumber Harvesting | 1 | |
| Gunpowder | 1 | |
| Plating | 1 | |
| Flak Cannons | 1 | |
| Flying Machine Bombs | 1 | |
| Animal War Training | 1 | |
8 total
» buildings
| Altar of Kings | 1 | |
| Barracks | 1 | |
| Farm | 10 | |
| Lumber Mill | 1 | |
| Scout Tower | 16 | |
| Guard Tower | 15 | |
| Arcane Tower | 2 | |
| Town Hall | 3 | |
| Keep | 1 | |
| Arcane Vault | 2 | |
| Blacksmith | 1 | |
| Castle | 1 | |
| Workshop | 2 | |
56 total
» build order
00:04 Altar of Kings
00:19 Barracks
00:24 Farm
00:56 Farm
01:33 Farm
02:06 Lumber Mill
02:50 Scout Tower
03:20 Scout Tower
03:23 Scout Tower
03:41 Guard Tower
03:43 Guard Tower
03:59 Scout Tower
04:04 Arcane Tower
04:12 Scout Tower
04:37 Guard Tower
04:40 Guard Tower
05:13 Town Hall
05:44 Scout Tower
06:20 Guard Tower
06:21 Keep
06:22 Scout Tower
06:48 Guard Tower
06:49 Guard Tower
06:49 Guard Tower
06:53 Scout Tower
06:57 Scout Tower
07:02 Arcane Vault
07:14 Farm
07:16 Farm
07:23 Guard Tower
07:27 Arcane Tower
08:04 Blacksmith
08:08 Scout Tower
08:43 Guard Tower
08:48 Castle
09:21 Workshop
09:31 Scout Tower
09:51 Workshop
10:32 Farm
10:38 Farm
11:00 Farm
12:31 Farm
12:54 Guard Tower
13:07 Scout Tower
13:07 Scout Tower
13:29 Scout Tower
13:32 Arcane Vault
13:46 Guard Tower
14:43 Farm
15:01 Guard Tower
15:35 Scout Tower
16:01 Guard Tower
17:34 Town Hall
18:16 Scout Tower
19:11 Town Hall
19:38 Guard Tower
» items
| Scroll of Regeneration | 2 | |
| Potion of Healing | 1 | |
3 total

»
NADMaN (
blue | 163 APM | 3988 actions | 24:25)
4 Death Knight
2 Death Coil
2 Unholy Aura
4 Lich
2 Frost Nova
2 Frost Armor
» actions
| Assign group hotkey | 19 | |
| Basic commands | 130 | |
| Build / train | 59 | |
| ESC pressed | 1 | |
| Enter build submenu | 20 | |
| Enter hero's abilities submenu | 8 | |
| Give item / drop item | 1 | |
| Right click | 1759 | |
| Select / deselect | 465 | |
| Select group hotkey | 1450 | |
| Use ability | 76 | |
3988 total
» units
| Acolyte | 3 | |
| Ghoul | 2 | |
| Crypt Fiend | 8 | |
| Frost Wyrm | 12 | |
25 total
» upgrades
| Web | 1 | |
| Creature Attack | 1 | |
| Creature Carapace | 2 | |
4 total
» buildings
| Crypt | 1 | |
| Ziggurat | 7 | |
| Graveyard | 1 | |
| Altar of Darkness | 1 | |
| Tomb of Relics | 1 | |
| Halls of the Dead | 2 | |
| Nerubian Tower | 2 | |
| Black Citadel | 1 | |
| Sacrificial Pit | 1 | |
| Boneyard | 3 | |
| Spirit Tower | 5 | |
25 total
» build order
00:06 Crypt
00:08 Ziggurat
00:40 Graveyard
00:55 Altar of Darkness
01:41 Ziggurat
01:52 Tomb of Relics
03:26 Halls of the Dead
03:26 Halls of the Dead
04:24 Ziggurat
05:20 Nerubian Tower
05:20 Nerubian Tower
06:10 Black Citadel
07:01 Sacrificial Pit
07:39 Ziggurat
08:43 Boneyard
08:46 Boneyard
08:51 Boneyard
09:13 Ziggurat
10:12 Spirit Tower
10:15 Ziggurat
10:16 Ziggurat
10:47 Spirit Tower
10:48 Spirit Tower
10:49 Spirit Tower
15:33 Spirit Tower
» items
| Rod of Necromancy | 3 | |
| Orb of Corruption | 1 | |
| Scroll of Town Portal | 3 | |
| Potion of Lesser Invulnerability | 1 | |
8 total
TIMG4STROK (
yellow | 79 APM | 1939 actions | 24:26)
3 Archmage
2 Summon Water Elemental
1 Brilliance Aura
» actions
| Assign group hotkey | 18 | |
| Basic commands | 64 | |
| Build / train | 44 | |
| ESC pressed | 5 | |
| Enter build submenu | 24 | |
| Enter hero's abilities submenu | 3 | |
| Right click | 1011 | |
| Select / deselect | 312 | |
| Select group hotkey | 371 | |
| Use ability | 86 | |
1939 total
» units
» upgrades
» buildings
| Altar of Kings | 2 | |
| Farm | 6 | |
| Barracks | 1 | |
| Lumber Mill | 2 | |
| Scout Tower | 8 | |
| Arcane Vault | 1 | |
| Guard Tower | 3 | |
| Arcane Tower | 1 | |
24 total
» build order
00:09 Altar of Kings
00:12 Farm
00:26 Barracks
00:47 Farm
01:29 Lumber Mill
01:49 Farm
03:33 Scout Tower
03:34 Scout Tower
03:35 Scout Tower
05:33 Scout Tower
05:34 Scout Tower
05:39 Arcane Vault
05:56 Farm
06:06 Scout Tower
06:07 Scout Tower
06:11 Scout Tower
06:39 Guard Tower
06:41 Arcane Tower
07:09 Guard Tower
07:13 Farm
07:15 Farm
07:50 Guard Tower
08:50 Lumber Mill
15:38 Altar of Kings
» items
| Scroll of Regeneration | 2 | |
| Scroll of Town Portal | 1 | |
| Staff of Teleportation | 1 | |
4 total
Chat log
(00:04 / All) TIMG4STROK: good luck shit noob
(00:04 / All) CaLaBuR: clan towa
(00:10 / All) DSTYMETCALF: fuk theses fags again...
(00:20 / All) TIMG4STROK: http://highper.ch
(20:55 / All) Cruxtures: gg
(22:09 / All) iggy_the_fisk: oh these blademasters
(22:20 / All) iggy_the_fisk: they will be the end of us
(22:55 / All) TIMG4STROK: hwere u base,
(23:23 / All) Cruxtures: i said gg
(24:19 / All) TIMG4STROK: LOL
(24:20 / All) Cruxtures: that is correct
(24:21 / All) TIMG4STROK: god damn
(24:23 / All) TIMG4STROK: you guys suck
(24:25 / All) NADMaN: Leave